 Dungeon Crawl Stone Soup version 0.31.0-12-g77e489cdc1 (webtiles) character file.

Game seed: 17859695289553164009

1525 Minsecho the Cudgeller (level 8, -1/83 HPs)
             Began as an Oni Gladiator on Feb 11, 2024.
             Was a Follower of Nemelex Xobeh.
             Killed from afar by an orc wizard (11 damage)
             ... with a puff of flame
             ... on level 6 of the Dungeon.
             The game lasted 00:12:27 (7038 turns).

Minsecho the Cudgeller (Oni Gladiator)              Turns: 7038, Time: 00:12:28

Health: -1/83      AC:  3    Str: 19    XL:     8   Next: 84%
Magic:  11/11      EV:  7    Int:  9    God:    Nemelex Xobeh [*.....]
Gold:   303        SH: 10    Dex: 12    Spells: 7/7 levels left

rFire   . . .        y - +4 mace
rCold   . . .        B - +0 tower shield
rNeg    . . .        b - +0 robe
rPois   .            c - +0 hat
rElec   .            (no cloak)
rCorr   .            (gloves unavailable)
SInv    .            (boots unavailable)
Will    .....        (no amulet)
Stlth   ++           (no ring)
HPRegen 0.33/turn    (no ring)
MPRegen 0.12/turn

%: no passive effects
@: hasted, very quick
A: large, unfitting armour, horns 1, tough skin 1, double potion healing,
drunken brawling
a: Renounce Religion, Draw Escape, Draw Destruction, Draw Summoning


You were on level 6 of the Dungeon.
You worshipped Nemelex Xobeh.
Nemelex Xobeh was aware of your devotion.
You visited 2 branches of the dungeon, and saw 7 of its levels.

You collected 303 gold pieces.

Inventory:

Hand Weapons
 a - a +1 flail
 y - a +4 mace (weapon)
Missiles
 d - 3 throwing nets (quivered)
 e - 4 large rocks
Armour
 b - a +0 robe (worn)
 c - a +0 hat (worn)
 o - an orb of wrath
 B - a +0 tower shield (worn)
Jewellery
 l - a ring of fire
 p - an amulet of regeneration
 t - a ring of fire
Talismans
 x - a maw talisman
Scrolls
 g - a scroll of immolation {unknown}
 i - a scroll of fear {unknown}
 j - a scroll of brand weapon {unknown}
 k - 2 scrolls of enchant weapon
 q - a scroll of amnesia {unknown}
 s - 2 scrolls of identify
 u - 2 scrolls of teleportation {unknown}
 w - a scroll of fog
 z - a scroll of blinking {unknown}
 A - a scroll of revelation
 C - 3 scrolls of poison
Potions
 f - a potion of haste
 h - a potion of magic
 m - a potion of brilliance {unknown}
 n - a potion of cancellation
 r - a potion of enlightenment {unknown}
 v - a potion of lignification {unknown}


   Skills:
 + Level 5.9 Fighting
 + Level 7.2 Maces & Flails
 * Level 3.4 Throwing
 + Level 4.9 Dodging
 - Level 1.6 Stealth
 * Level 0.2 Shields
 * Level 5.1 Invocations


You had 7 spell levels left.
You didn't know any spells.
Your spell library contained the following spells:

 Spells                   Type           Power      Damage    Failure   Level
 Sandblast                Erth           0%         2d4       99%         1
 Cigotuvi's Dreadful Rot  Necr/Alch/Air  0%         N/A       100%        2
 Passwall                 Erth           0%         N/A       100%        3
 Stone Arrow              Conj/Erth      0%         3d7       100%        3
 Brom's Barrelling Bould  Conj/Erth      0%         2d3       100%        4
 Dispel Undead            Necr           0%         3d6       100%        4
 Martyr's Knell           Necr/Summ      0%         N/A       100%        4
 Death Channel            Necr           0%         N/A       100%        6


Dungeon Overview and Level Annotations

Branches:
Dungeon (6/15)             Temple (1/1) D:4

Altars:
Dithmenos
Fedhas
Gozag
Hepliaklqana
Kikubaaqudgha
Makhleb
Nemelex Xobeh
Okawaru
Ru
Sif Muna
Trog
Uskayaw
Vehumet
Wu Jian
Xom
Yredelemnul
Zin
The Shining One

Shops:
D:4 [


Innate Abilities, Weirdness & Mutations

You are too large for most types of armour.
You have a pair of small horns on your head.
You have tough skin. (AC +1)
You gain doubled healing and magic from potions.
Whenever you drink a healing potion, you attack all around you.


Message History

The orc hits you with a +0 war axe.
You hear some strange, mumbled words.
A magic dart appears from out of thin air!
The magic dart hits you.
You miss something. Your headbutt misses something.
The orc hits you with a +0 war axe! Something hits you but does no damage.
You block the orc's attack.
You hit something. You headbutt something. You block the orc's attack.
You block something's attack. You block the orc's attack. Something hits you.
You block the orc's attack.
You closely miss something. You block the orc's attack.
You block something's attack. The orc hits you with a +0 whip.
The orc closely misses you.
You miss something. You block the orc's attack. You block something's attack.
You block the orc's attack. The orc hits you with a +0 club.
The orc barely misses you. Something hits you. You block the orc's attack.
The orc barely misses you.
You hit something. You headbutt something. You block the orc's attack.
Something hits you but does no damage. You block the orc's attack.
The orc hits you with a +0 whip.
You barely miss something. Your headbutt misses something.
You block the orc's attack. You block something's attack.
The orc hits you with a +0 whip. The orc barely misses you.
You hit something. The orc barely misses you.
You hear some strange, mumbled words.
A puff of flame appears from out of thin air!
The puff of flame hits you!
* * * LOW HITPOINT WARNING * * *
You block the orc's attack. The orc hits you with a +0 club.
* * * LOW HITPOINT WARNING * * *
You block the orc's attack. Something hits you.
* * * LOW HITPOINT WARNING * * *
You block the orc's attack. The orc completely misses you.
You feel yourself speed up. The orc hits you with a +0 war axe.
* * * LOW HITPOINT WARNING * * *
You hear some strange, mumbled words.
A puff of flame appears from out of thin air!
The puff of flame hits you!
You die...
Your body disappears without a glow.

..## #..##..##'##+###.PP..
.... #................PP..
.....#................P..P
.....#....................
.....'....................
#..###..###.########....##
##..####### ###....##
#...oo....# #.......#
#...o@....# #.......#
#...{##..## ##.##..##
#...)# .# ###.##..##
...............#....#...#
...............#....#...#
#...'##.###....##..##...#
.#... #'# ...##..##+#.#
..#.. ... 5.#....#...#
.... ... .#....#...#


You could see 3 orcs.

Vanquished Creatures
  Menkaure (D:6)
  Duvessa (D:5)
  An ogre (D:5)
  A centaur (D:5)
  A lemure (D:6)
  5 scorpions
  Dowan (D:5)
  A bombardier beetle (D:3)
  6 hounds
  2 jellies (D:6)
  3 orc priests (D:5)
  2 sleepcaps
  3 iguanas
  4 orc wizards
  Robin (D:3)
  4 gnolls
  4 adders
  A river rat (D:6)
  A shadow imp (D:6)
  2 white imps
  An ufetubus (D:6)
  3 ribbon worms
  10 orcs
  7 ball pythons
  3 bats (D:2)
  9 endoplasms
  6 giant cockroaches
  12 goblins
  14 hobgoblins
  5 jackals (D:1)
  8 kobolds
  5 quokkas
  6 frilled lizards
  7 rats
141 creatures vanquished.

Notes
Turn   | Place    | Note
-------+----------+-------------------------------------------
     0 | D:1      | Minsecho the Oni Gladiator began the quest for the Orb.
     0 | D:1      | Reached XP level 1. HP: 22/22 MP: 1/1
   108 | D:1      | Reached XP level 2. HP: 20/29 MP: 2/2
   325 | D:1      | Reached XP level 3. HP: 36/37 MP: 3/3
   851 | D:2      | Reached skill level 1 in Invocations
   851 | D:2      | Reached XP level 4. HP: 43/45 MP: 4/4
  1300 | D:2      | Reached skill level 4 in Maces & Flails
  1516 | D:3      | Reached XP level 5. HP: 53/53 MP: 6/6
  1966 | D:3      | Noticed Robin
  2011 | D:3      | Killed Robin
  2506 | D:4      | Reached XP level 6. HP: 56/62 MP: 7/7
  2672 | D:4      | Found a staircase to the Ecumenical Temple.
  2680 | Temple   | Entered the Ecumenical Temple
  2696 | Temple   | Became a worshipper of Nemelex Xobeh the Trickster
  3266 | D:4      | Found Emnonwi's Antique Armour Boutique.
  3529 | D:5      | Entered Level 5 of the Dungeon
  3539 | D:4      | Reached skill level 5 in Maces & Flails
  3551 | D:4      | Reached skill level 1 in Stealth
  3735 | D:5      | Reached XP level 7. HP: 34/70 MP: 9/9
  4695 | D:5      | Reached skill level 6 in Maces & Flails
  4716 | D:5      | Reached skill level 5 in Fighting
  4721 | D:5      | Reached XP level 8. HP: 31/80 MP: 11/11
  4948 | D:5      | Reached * piety under Nemelex Xobeh
  6019 | D:5      | Noticed Duvessa
  6037 | D:5      | Killed Duvessa
  6052 | D:5      | Noticed Dowan
  6062 | D:5      | Killed Dowan
  6592 | D:6      | Received a gift from Nemelex Xobeh
  6648 | D:6      | Noticed Menkaure
  6652 | D:6      | Killed Menkaure
  6653 | D:6      | Reached skill level 7 in Maces & Flails
  6653 | D:6      | Reached skill level 5 in Invocations
  6678 | D:6      | Found a bloodstained altar of Trog.
  6679 | D:6      | Noticed Pikel
  7019 | D:6      | Pikel changed into Pikel the iguana
  7019 | D:6      | Noticed Pikel
  7021 | D:6      | Killed Pikel the iguana
  7038 | D:6      | Killed from afar by an orc wizard

Illustrated notes

Levels and vault maps discovered:
D:1:      ncdulo_watergridlock, layout_basic, serial_bayou_pond_e
D:2:      minmay_inner_zag, layout_rooms
D:3:      layout_basic, grunt_decor_junction, grunt_ministairs_5,
          minmay_misc_feat_secret_circle, uniq_robin
D:4:      layout_basic, minmay_temple_entry_overgrown, serial_shops,
          nicolae_lakefront_shop
D:5:      layout_loops_ring, grunt_ministairs_11, uniq_duvessa
D:6:      layout_gridville, mainiacjoe_overflow_catch_the_wave,
          nicolae_qazlal_beasts_of_the_sky, serial_shops, shop, uniq_pikel,
          uniq_menkaure
Temple:   nicolae_temple_bog_church

Skill      XL: |  1  2  3  4  5  6  7  8 |
---------------+-------------------------+-----
Fighting       | 3 4 5 |  5.9
Dodging        | 3 4 |  4.9
Invocations    | 1 2 3 4 5 |  5.1
Maces & Flails | 4 5 6 7 |  7.2
Stealth        | 1 |  1.6
Throwing       | 3 |  3.4
Shields        | |  0.2

Action                     |  1- 3 |  4- 6 |  7- 9 || total
---------------------------+-------+-------+-------++-------
  Melee: Flail             |    89 |   171 |    61 ||   321
         Headbutt          |    12 |    34 |    36 ||    82
         Punch             |     1 |     2 |     1 ||     4
         Mace              |       |       |   132 ||   132
  Throw: Throwing net      |       |       |     4 ||     4
         Large rock        |       |       |     1 ||     1
 Invoke: Draw Destruction  |       |       |     3 ||     3
    Use: Scroll            |       |     7 |     1 ||     8
         Potion            |       |     4 |     3 ||     7
   Stab: Sleeping          |     2 |     4 |       ||     6
 Armour: Robe              |    60 |   161 |   181 ||   402
  Dodge: Dodged            |    59 |   112 |   107 ||   278
  Block: Tower shield      |       |       |    36 ||    36
